 Dungeon Crawl Stone Soup version 0.27.1 (webtiles) character file.

Game seed: 10342087163062201229

93 H0rd4k the Caller (level 4, 0/30 HPs)
             Began as a Barachi Summoner on Aug 30, 2021.
             Shot with a stone by a goblin (2 damage)
             ... on level 4 of the Dungeon.
             The game lasted 00:05:03 (5596 turns).

H0rd4k the Caller (Barachi Summoner)                Turns: 5596, Time: 00:05:04

Health: 0/30       AC:  2    Str:  9    XL:     4   Next: 62%
Magic:  1/9        EV: 12    Int: 16    God:
Gold:   158        SH:  0    Dex: 13    Spells: 6/10 levels left

rFire    . . .     SeeInvis .   (no weapon)
rCold    . . .     Faith    .   (no shield)
rNeg     . . .     Spirit   .   a - +0 robe
rPois    .         Reflect  .   (no helmet)
rElec    .         Harm     .   (no cloak)
rCorr    .         Rampage  .   (no gloves)
Will     .....                  (no boots)
Stlth    ++........             (no amulet)
HPRegen  0.10/turn              (no ring)
MPRegen  0.11/turn              (no ring)

@: slow
A: amphibious, slowness 1, strong legs 1, +LOS
a: Hop


You were on level 4 of the Dungeon.
You visited 1 branch of the dungeon, and saw 4 of its levels.

You collected 158 gold pieces.

Inventory:

Armour
 a - a +0 robe (worn)
Wands
 h - a wand of flame (14)
Scrolls
 b - a scroll of vulnerability {unknown}
 c - 4 scrolls of teleportation {unknown}
 d - a scroll of fog {unknown}
 e - 2 scrolls of identify {unknown}
 f - a scroll of holy word {unknown}
 j - a scroll of amnesia {unknown}
 k - a scroll of immolation {unknown}
Potions
 g - 2 potions of lignification
 i - a potion of mutation {unknown}


   Skills:
 + Level 2.3 Dodging
 - Level 1.7 Stealth
 * Level 3.5 Spellcasting
 * Level 6.1 Summonings


You had 6 spell levels left.
You knew the following spells:

 Your Spells              Type           Power      Damage    Failure   Level
a - Summon Small Mammal   Summ           88%        N/A       1%          1
b - Call Canine Familiar  Summ           22%        N/A       4%          3

Your spell library contained the following spells:

 Spells                   Type           Power      Damage    Failure   Level
 Call Imp                 Summ           22%        N/A       2%          2
 Summon Guardian Golem    Hex/Summ       12%        N/A       16%         3
 Summon Lightning Spire   Summ/Air       12%        N/A       45%         4


Dungeon Overview and Level Annotations

Branches:
Dungeon (4/15)
 Temple: D:4-7

Altars:
Elyvilon
Zin

Shops:
D:3 :

Annotations:
D:3 exclusion: scorpion, Terence


Innate Abilities, Weirdness & Mutations

You are amphibious.
You cover ground slowly.
You can hop short distances.
You have an extended range of vision and can be seen from far away.


Message History

Confirm with . or Enter, or press ? or * to list all spells.
You don't have enough magic to cast this spell.
You are too injured to fight recklessly!
You are too injured to fight recklessly!
Unknown command.
There is a stone staircase leading down here.
You climb downwards.
Found a whip.
There is a stone staircase leading up here.
Unknown command.
The goblin shouts!
The goblin unwields a +0 dagger.
The goblin wields a +0 hunting sling.
The goblin shoots a stone.
The stone misses you.
Casting: Call Canine Familiar (dangerous; 4% risk of failure)
Confirm with . or Enter, or press ? or * to list all spells.
You don't know that spell.
Okay, then.
Okay, then.
Casting: Call Canine Familiar (dangerous; 4% risk of failure)
Confirm with . or Enter, or press ? or * to list all spells.
The goblin shoots a stone.
The stone hits you.
* * * LOW HITPOINT WARNING * * *
The goblin shoots a stone.
The stone closely misses you.
The goblin shoots a stone.
The stone closely misses you.
The goblin shoots a stone.
The stone closely misses your quokka. The stone barely misses you.
You are ready to hop once more.
The goblin shoots a stone.
The stone barely misses your quokka. The stone hits you.
* * * LOW HITPOINT WARNING * * *
The goblin shoots a stone.
The stone hits your quokka.
Your quokka barely misses the goblin.
The goblin shoots a stone.
The stone misses your quokka. The stone closely misses you.
Your quokka closely misses the goblin.
The goblin shoots a stone.
The stone misses your quokka. The stone hits you.
* * * LOW HITPOINT WARNING * * *
Your quokka barely misses the goblin.
The goblin shoots a stone.
The stone completely misses your quokka.
The stone hits you.
You die...

####
##..##
##...@#
#.....##
#..<...#
#......#
#.......#
#.......#
#........#
##......r#
##......g#


You could see a goblin (ally target) and a friendly quokka (summoned).

Vanquished Creatures
  A hobgoblin (D:1)
  A ball python (D:3)
  A bat (D:2)
  A frilled lizard (D:3)
  A kobold (D:1)
5 creatures vanquished.

Vanquished Creatures (collateral kills)
  Natasha (thrice) (D:2)
  3 adders
  3 dart slugs
  6 endoplasms
  2 giant cockroaches (D:3)
  4 goblins
  4 quokkas
  4 ball pythons
  4 bats
  4 frilled lizards
  4 kobolds
  2 rats (D:2)
43 creatures vanquished.

Grand Total: 48 creatures vanquished

Notes
Turn   | Place    | Note
-------+----------+-------------------------------------------
     0 | D:1      | H0rd4k the Barachi Summoner began the quest for the Orb.
     0 | D:1      | Reached XP level 1. HP: 13/13 MP: 3/3
   356 | D:1      | Reached skill level 5 in Summonings
   957 | D:1      | Reached XP level 2. HP: 19/19 MP: 0/5
  1954 | D:1      | Found a faded altar of an unknown god.
  2651 | D:2      | Reached XP level 3. HP: 5/24 MP: 3/6
  2655 | D:2      | Learned a level 3 spell: Call Canine Familiar
  3008 | D:2      | Noticed Natasha
  3015 | D:2      | Killed Natasha
  3062 | D:2      | Noticed Natasha
  3071 | D:2      | Killed Natasha
  3072 | D:2      | Reached skill level 6 in Summonings
  3072 | D:2      | Reached XP level 4. HP: 10/30 MP: 4/8
  3674 | D:2      | Noticed Natasha
  3788 | D:2      | Killed Natasha
  4048 | D:3      | Found a white marble altar of Elyvilon.
  4059 | D:3      | Found a glowing silver altar of Zin.
  4168 | D:3      | Noticed Terence
  4857 | D:3      | Noticed a scorpion
  5314 | D:3      | Found Roclamn's Book Boutique.
  5596 | D:4      | Shot with a stone by a goblin

Illustrated notes

Levels and vault maps discovered:
D:1:      dpeg_arrival_erosion, layout_loops_corners,
          dilly_ecumenical_altar_fadedgnrine, minivault_14, minmay_tromino_v7
D:2:      layout_loops_ring, mrwooster_statue_mirror, uniq_natasha
D:3:      layout_basic, mainiacjoe_overflow_concentric_impassable, serial_shops,
          nicolae_lakefront_shop, kennysheep_flooded_box, supply_closet_lemuel,
          uniq_terence
D:4:      layout_cave_pods, kiku_gazebo_garden_becter, serial_shops,
          shop_fountains

Skill      XL: |  1  2  3  4 |
---------------+-------------+-----
Summonings     | 5 6 |  6.1
Spellcasting   | 3 |  3.5
Dodging        | |  2.3
Stealth        | |  1.7

Action                   |  1- 3 |  4- 6 || total
-------------------------+-------+-------++-------
Melee: Unarmed           |    34 |    37 ||    71
 Cast: Summon Small Mamm |    80 |    66 ||   146
       Call Canine Famil |     2 |    10 ||    12
 Abil: Hop               |     1 |     2 ||     3
  Use: Potion            |     1 |       ||     1
Armor: Robe              |    11 |    10 ||    21
Dodge: Dodged            |    36 |    38 ||    74
